 Dungeon Crawl Stone Soup version 0.28.0-53-g5a82cb258f (webtiles) character file.

Game seed: 4561422811449135562

6869 cbfl8 the Cleaver (level 10, -10/139 HPs)
             Began as a Minotaur Berserker on July 26, 2022.
             Was a High Priest of Trog.
             Mangled by an orc warlord
             ... wielding a +7 vorpal war axe
              (23 damage)
             ... on level 1 of the Orcish Mines.
             The game lasted 00:14:37 (11421 turns).

cbfl8 the Cleaver (Minotaur Berserker)             Turns: 11421, Time: 00:14:38

Health: -10/139    AC: 15    Str: 28    XL:     10   Next: 78%
Magic:  0/9        EV: 14    Int:  4    God:    Trog [*****.]
Gold:   461        SH:  0    Dex: 13    Spells: 9/9 levels left

rFire   . . .      SeeInvis .   n - +0 battleaxe
rCold   + + +      Faith    .   (shield currently unavailable)
rNeg    . . .      Spirit   +   f - +4 ring mail of Buyg {rC+++ Str+5}
rPois   +          Reflect  .   (helmet restricted)
rElec   .          Harm     .   t - +2 cloak
rCorr   .          Rampage  .   (no gloves)
Will    .....                   a - +0 pair of boots
Stlth   ..........              q - amulet of guardian spirit
HPRegen 0.33/turn               E - ring of poison resistance
MPRegen 0.11/turn               (no ring)

@: berserking, very quick
A: horns 2, retaliatory headbutt
a: Renounce Religion, Berserk, Trog's Hand, Brothers in Arms


You were on level 1 of the Orcish Mines.
You worshipped Trog.
Trog was extremely pleased with you.
You visited 2 branches of the dungeon, and saw 11 of its levels.

You collected 487 gold pieces.
You spent 26 gold pieces at shops.

Inventory:

Hand Weapons
 n - a +0 battleaxe (weapon)
 x - the +7 dagger "Riqur" {vorpal, Str+4 Dex+2 Stlth+}
   (You found it on level 6 of the Dungeon)

   It inflicts extra damage upon your enemies.
   Str:       It affects your strength (+4).
   Dex:       It affects your dexterity (+2).
   Stlth:     It makes you more stealthy.
Armour
 a - a +0 pair of boots (worn)
 f - the +4 ring mail of Buyg (worn) {rC+++ Str+5}
   (You found it on level 2 of the Dungeon)

   Str:       It affects your strength (+5).
   rC:        It renders you almost immune to cold.
 r - a +0 plate armour
 t - a +2 cloak (worn)
 D - a +0 pair of boots
 F - a scarf of harm
Jewellery
 q - an amulet of guardian spirit (around neck)
 E - a ring of poison resistance (left hand)
Wands
 y - a wand of paralysis (19) (quivered)
 z - a wand of iceblast (4)
 C - a wand of flame (9)
Scrolls
 c - 3 scrolls of summoning
 e - 4 scrolls of teleportation
 i - a scroll of immolation
 j - 4 scrolls of vulnerability
 k - a scroll of amnesia
 o - 3 scrolls of enchant armour
 u - 2 scrolls of silence
 w - 2 scrolls of fear
Potions
 b - a potion of haste
 d - 5 potions of curing
 g - 2 potions of heal wounds
 l - 3 potions of degeneration
 m - a potion of might {unknown}
 s - a potion of attraction
 v - 2 potions of brilliance
 B - a potion of resistance {unknown}
 G - 3 potions of flight


   Skills:
 * Level 10.2 Fighting
 + Level 12.4 Axes
 + Level 7.1 Armour
 * Level 7.3 Dodging
 * Level 5.7 Stealth


You had 9 spell levels left.
You didn't know any spells.
Your spell library was empty.

Dungeon Overview and Level Annotations

Branches:
Dungeon (10/15)            Temple (0/1) D:7            Lair (0/6) D:10
    Orc (1/2) D:10

Altars:
Hepliaklqana
Makhleb
Nemelex Xobeh
Ru
Sif Muna
Xom
Zin
Beogh

Shops:
D:5 *   D:8 ?=   D:10 =

Annotations:
D:7 2 transporters, Kazon's ghost, novice PaFi
D:10 3 runed translucent doors, cbfl8's ghost, novice MiBe
Orc:1 Sonja


Innate Abilities, Weirdness & Mutations

You have a pair of horns on your head.
You reflexively headbutt those who attack you in melee.


Message History

You slash the orc warrior!
You kill the orc warrior!
Trog accepts your kill.
Unknown command.
A red film seems to cover your vision as you go berserk!
You feel yourself moving faster!
You feel mighty!
You miss the orc wizard.
You hit the orc warlord but do no damage.
The orc warlord unwields a +0 arbalest.
The orc warlord wields a +7 vorpal war axe.
The orc warlord hits you with a +7 vorpal war axe!!
You barely miss the orc wizard. Your headbutt misses the orc wizard.
You hit the orc warlord.
The orc wizard mumbles some strange words.
The orc wizard flickers and vanishes!
Deactivating autopickup; reactivate with Ctrl-A.
Unknown command.
You closely miss something. You barely miss the orc warlord.
The orc warlord misses you. Something barely misses you.
You slice the orc warlord!!
The orc warlord is heavily wounded.
You miss something. Something hits you but does no damage.
The orc warlord hits you with a +7 vorpal war axe!!
* * * LOW HITPOINT WARNING * * *
x2 Unknown command.
You barely miss the orc warlord. You headbutt the orc warlord!
The orc warlord is severely wounded.
You miss something.
Unknown command.
You barely miss the orc warlord.
The orc warlord is severely wounded.
You closely miss something. Something hits you but does no damage.
The orc warlord hits you with a +7 vorpal war axe!
* * * LOW HITPOINT WARNING * * *
x2 Unknown command.
You slice the orc warlord!!
The orc warlord is almost dead.
You slash something!
The orc warlord hits you with a +7 vorpal war axe!!
You die...

....##..##.# ##
#..$....#.##.##.##
#................#
#......#....##.#
#....#....#.#..
.......#...#...#
.......#....#.##
...o..##...#.#o##


oo.... #.....{@.# ...#.. ##.##.#.## ....## ######## You could see an orc
warlord.

Vanquished Creatures
  A two-headed ogre (D:9)
  Maurice (D:9)
  Psyche (D:8)
  Prince Ribbit (D:8)
  A hornet (D:4)
  Sigmund (D:4)
  Menkaure (D:5)
  A warg (Orc:1)
  An acid dragon (D:9)
  A water moccasin (D:7)
  6 orc warriors
  3 sky beasts
  An ice beast (D:6)
  2 black bears
  3 necrophages
  2 ogres
  2 centaurs
  5 phantoms
  Blork the orc (D:4)
  3 bullfrogs
  2 scorpions
  A water moccasin zombie (D:5)
  A troll zombie (D:10)
  9 killer bees (D:9)
  7 centaur zombies
  A lava snake (D:8)
  2 bullfrog zombies
  3 hounds
  2 jellies
  A centaur skeleton (D:5)
  8 orc priests
  Crazy Yiuf (D:5)
  A scorpion zombie (D:5)
  3 iguanas
  Natasha (twice) (D:4)
  11 orc wizards
  3 killer bee zombies
  5 ogre zombies (D:10)
  A hound skeleton (D:5)
  A howler monkey zombie (D:9)
  A howler monkey skeleton (D:5)
  4 gnolls (D:2)
  4 adders
  3 white imps
  An ufetubus (D:5)
  A worm (D:2)
  3 dart slugs
  50 orcs
  9 endoplasms
  4 giant cockroaches
  5 goblins
  8 hobgoblins
  4 kobolds
  6 quokkas
  6 ball pythons
  5 bats
  A frilled lizard (D:1)
  4 goblin zombies (D:10)
  2 orc skeletons (D:10)
  10 orc zombies (D:10)
  3 rats
237 creatures vanquished.

Vanquished Creatures (collateral kills)
  A warg (Orc:1)
  An orc warrior (Orc:1)
  3 orcs (Orc:1)
5 creatures vanquished.

Vanquished Creatures (others)
  7 plants (D:4)
7 creatures vanquished.

Grand Total: 249 creatures vanquished

Notes
Turn   | Place    | Note
-------+----------+-------------------------------------------
     0 | D:1      | cbfl8 the Minotaur Berserker began the quest for the Orb.
     0 | D:1      | Reached XP level 1. HP: 19/19 MP: 0/0
   232 | D:1      | You fall into a shaft and drop 1 floor!
   290 | D:2      | Reached skill level 4 in Axes
   290 | D:2      | Reached XP level 2. HP: 25/27 MP: 1/1
   296 | D:2      | Identified the +4 ring mail of Buyg {rC+++ Str+5}
   477 | D:2      | Reached XP level 3. HP: 20/33 MP: 2/2
   938 | D:2      | Reached XP level 4. HP: 29/41 MP: 3/3
  1369 | D:1      | Found a sacrificial altar of Ru.
  1378 | D:1      | Reached skill level 1 in Stealth
  1489 | D:1      | Found a faded altar of an unknown god.
  1592 | D:1      | Reached ** piety under Trog
  2395 | D:4      | Noticed a phantom
  2403 | D:4      | Killed a phantom
  2404 | D:4      | Reached skill level 5 in Axes
  2404 | D:4      | Reached XP level 5. HP: 47/47 MP: 4/4
  2549 | D:4      | Noticed Sigmund
  2555 | D:4      | Killed Sigmund
  2556 | D:4      | Reached skill level 5 in Fighting
  2556 | D:4      | Reached XP level 6. HP: 56/56 MP: 5/5
  2605 | D:4      | Noticed a hornet
  2618 | D:4      | Paralysed by a hornet for 1 turns
  2619 | D:4      | Killed a hornet
  2620 | D:4      | Reached skill level 6 in Axes
  2620 | D:4      | Reached XP level 7. HP: 10/61 MP: 6/6
  2622 | D:4      | HP: 3/61 [poisoned by a hornet]
  3112 | D:4      | Noticed Blork the orc
  3123 | D:4      | Killed Blork the orc
  3189 | D:4      | Noticed Natasha
  3198 | D:4      | Killed Natasha
  3332 | D:4      | Noticed Natasha
  3339 | D:4      | Killed Natasha
  3367 | D:4      | Found a hazy altar of Hepliaklqana.
  3599 | D:5      | Entered Level 5 of the Dungeon
  3602 | D:5      | Reached skill level 7 in Axes
  3773 | D:5      | Reached XP level 8. HP: 70/70 MP: 7/7
  4027 | D:5      | Reached skill level 8 in Axes
  4164 | D:5      | Noticed Menkaure
  4172 | D:5      | Killed Menkaure
  4173 | D:5      | Reached skill level 5 in Armour
  4323 | D:5      | Reached *** piety under Trog
  4324 | D:5      | Reached skill level 5 in Dodging
  4429 | D:5      | Found a runed translucent door.
  4430 | D:5      | Noticed Crazy Yiuf
  4612 | D:5      | Found Ranoren's CLEARANCE SALE!.
  4706 | D:5      | Killed Crazy Yiuf
  4793 | D:6      | Reached skill level 9 in Axes
  4866 | D:6      | Reached XP level 9. HP: 76/79 MP: 8/8
  4930 | D:6      | Identified the +1 leather armour of Veanked {Int+2 Dex+3}
  5127 | D:6      | Identified the +7 dagger "Riqur" {vorpal, Str+4 Dex+2
                  | Stlth+}
  5588 | D:6      | Found a burning altar of Makhleb.
  5588 | D:6      | Found a sparkling altar of Nemelex Xobeh.
  6208 | D:7      | Found a staircase to the Ecumenical Temple.
  6275 | D:7      | Reached skill level 10 in Axes
  6628 | D:7      | Found a transporter.
  6630 | D:7      | Found a transporter.
  6633 | D:7      | Noticed Kazon's ghost (novice PaFi)
  6633 | D:7      | Noticed a two-headed ogre
  7375 | D:8      | Found Jyushruco's Jewellery Shoppe.
  7411 | D:8      | Noticed Psyche
  7419 | D:8      | Killed Psyche
  7564 | D:8      | Found Xyodusab's Magic Scroll Boutique.
  7577 | D:8      | Noticed Prince Ribbit
  7590 | D:8      | Reached skill level 5 in Stealth
  7924 | D:8      | Reached **** piety under Trog
  8406 | D:8      | Killed Prince Ribbit
  8407 | D:8      | Reached XP level 10. HP: 82/91 MP: 9/9
  8887 | D:8      | Bought a scroll of identify for 26 gold pieces
  9199 | D:9      | Found a shimmering blue altar of Sif Muna.
  9201 | D:9      | Found a glowing silver altar of Zin.
  9203 | D:9      | Found a shimmering altar of Xom.
  9269 | D:9      | Noticed a two-headed ogre
  9277 | D:9      | Killed a two-headed ogre
  9278 | D:9      | Reached skill level 11 in Axes
  9561 | D:9      | Noticed Maurice
  9591 | D:9      | Killed Maurice
  9943 | D:9      | Reached ***** piety under Trog
 10321 | D:10     | Entered Level 10 of the Dungeon
 10321 | D:10     | Found a staircase to the Orcish Mines.
 10321 | D:10     | Found a staircase to the Lair.
 10321 | D:10     | Noticed a death yak
 10321 | D:10     | Noticed a death yak
 10323 | D:10     | Noticed a death yak
 10327 | D:10     | Noticed a two-headed ogre
 10340 | D:10     | Found Xeoclyesh's Jewellery Emporium.
 10355 | D:10     | Noticed a two-headed ogre
 10399 | D:10     | Found a runed translucent gate.
 10401 | D:10     | Found a runed translucent gate.
 10402 | D:10     | Found a runed translucent gate.
 10402 | D:10     | Noticed cbfl8's ghost (novice MiBe)
 10403 | D:10     | Identified the +5 chain mail of a Gauntlet {+Blink rC+
                  | Str-5 Slay+3}
 10817 | D:10     | Reached skill level 12 in Axes
 10948 | Orc:1    | Entered Level 1 of the Orcish Mines
 10948 | Orc:1    | Noticed Sonja
 10951 | Orc:1    | Noticed an orc knight
 10959 | Orc:1    | Reached skill level 10 in Fighting
 10964 | Orc:1    | Noticed an orc knight
 11394 | Orc:1    | Noticed an orc warlord
 11421 | Orc:1    | Mangled by an orc warlord

Illustrated notes

Levels and vault maps discovered:
D:1:      dpeg_arrival_long_road, layout_loops_corners,
          hellmonk_ecumenical_altar_blasted, chequers_serial_rivers_room_b,
          minmay_hexomino_r4
D:2:      layout_basic
D:3:      layout_rooms, chequers_serial_rivers_micro_b,
          kennysheep_decorative_pillar, due_unseen_surprise
D:4:      layout_loops_ring, nicolae_hepliaklqana_hazy_memory,
          ebering_dispersal_statue_hall, uniq_blork_the_orc, uniq_sigmund,
          uniq_natasha
D:5:      minmay_octagon_keep, layout_rooms, dk_noncrumbling_3,
          nicolae_shop_clearance, uniq_crazy_yiuf_cottage, uniq_menkaure
D:6:      layout_layer_cave, jmf_multi_god_temple, minmay_misc_feat_tiny
D:7:      corexii_shack_village, layout_layer_cave,
          minmay_temple_entry_sparse_star, gammafunk_ghost_smash,
          chequers_serial_rivers_micro_b, kennysheep_generic_room_2
D:8:      layout_basic, serial_shops, nicolae_inconvenience_store,
          nicolae_shop_advertising_works [nicolae_subvault_shop_adworks],
          uniq_psyche, uniq_prince_ribbit1
D:9:      layout_gridville, minitemple, uniq_maurice
D:10:     layout_loops_ring, dpeg_lair_monsters, zombieorc2_lemuel,
          serial_shops, nicolae_shop_trees, biasface_ghost_orc_armoury,
          minmay_rotating_lava
Orc:1:    nicolae_orc_accident_2, layout_caves, basic_altar,
          lemuel_statue_altar, uniq_sonja

Skill      XL: |  1  2  3  4  5  6  7  8  9 10 |
---------------+-------------------------------+-----
Axes           | 4 5 6 7 9 10 12 | 12.4
Fighting       | 4 5 6 7 9 10 | 10.2
Armour         | 3 4 5 6 7 |  7.1
Stealth        | 1 2 3 5 |  5.7
Dodging        | 3 4 5 6 7 |  7.3

Action                   |  1- 3 |  4- 6 |  7- 9 | 10-12 || total
-------------------------+-------+-------+-------+-------++-------
Melee: Hand axe          |    44 |    81 |    11 |       ||   136
       Headbutt          |     9 |     8 |    42 |    30 ||    89
       Battleaxe         |       |       |   259 |   155 ||   414
       Punch             |       |       |     2 |       ||     2
Invok: Berserk           |       |     2 |     1 |     4 ||     7
       Brothers in Arms  |       |       |       |     2 ||     2
       Trog's Hand       |       |       |       |     1 ||     1
Evoke: Wand              |       |       |       |     5 ||     5
  Use: Scroll            |       |       |     9 |    12 ||    21
       Potion            |       |       |       |     4 ||     4
 Stab: Sleeping          |     1 |       |    10 |       ||    11
Armor: Animal skin       |     3 |       |       |       ||     3
       Ring mail         |    18 |    32 |   138 |    90 ||   278
Dodge: Dodged            |    19 |    48 |   180 |   127 ||   374
